 Dungeon Sprint DCSS version 0.21.1-1-g345015f (webtiles) character file.

8300000 Fang the Axe Maniac (level 27, -14/273 HPs)
             Began as a Minotaur Gladiator on May 6, 2018.
             Was the Champion of Makhleb.
             Demolished by a small abomination (15 damage)
             ... created by a sculptor of flesh
             ... in the Dungeon (Sprint VIII: "Arena of Blood").
             The game lasted 00:01:25 (83 turns).

Fang the Axe Maniac (Minotaur Gladiator)              Turns: 83, Time: 00:01:26

Health: -14/273    AC:  6    Str: 28    XL:     27
Magic:  32/53      EV: 32    Int:  5    God:    Makhleb [******]
Gold:   0          SH:  0    Dex: 16    Spells: 80/80 levels left

rFire    . . .     SeeInvis .   l - +∞ Axe of Woe
rCold    . . .     Gourm    .   (shield currently unavailable)
rNeg     . . .     Faith    .   b - +0 leather armour
rPois    .         Spirit   .   c - +0 hat
rElec    .         Reflect  .   (no cloak)
rCorr    .         Harm     .   (no gloves)
MR       ++...     NoTele   +   (no boots)
Stlth    +++++++++.             (no amulet)
HPRegen  0.55/turn              (no ring)
MPRegen  0.33/turn              (no ring)

@: no status effects
A: retaliatory headbutt, horns 2
a: Minor Destruction, Lesser Servant of Makhleb, Major Destruction, Greater
Servant of Makhleb, Renounce Religion


You were in the Dungeon.
You worshipped Makhleb.
Makhleb was exalted by your worship.
You were not hungry.

You visited 1 branch

Inventory:

Hand Weapons
 a - a +0 war axe
 l - the +∞ Axe of Woe (weapon)
   (You found it in the Dungeon)
Missiles
 d - 3 throwing nets (quivered)
Armour
 b - a +0 leather armour (worn)
 c - a +0 hat (worn)
Scrolls
 k - a scroll of blinking
Potions
 e - a potion of curing
 g - a potion of heal wounds
 h - a potion of haste
 i - 2 potions of magic
 j - a potion of berserk rage
Comestibles
 f - a ration


   Skills:
 O Level 27 Fighting
 O Level 27 Axes
 O Level 27 Throwing
 O Level 27 Armour
 O Level 27 Dodging
 O Level 27 Stealth
 O Level 27 Unarmed Combat
 O Level 27 Spellcasting
 O Level 27 Invocations


You had 80 spell levels left.
You didn't know any spells.

Dungeon Overview and Level Annotations

Branches:
Dungeon (1/1)

Altars:
Makhleb


Innate Abilities, Weirdness & Mutations

You reflexively headbutt those who attack you in melee.
You have a pair of horns on your head.


Message History

You hit the bag of meat.
You butcher the bag of meat messily.
You kill the bag of meat!
Makhleb accepts your kill.
You feel better.
You hear a shout! x4
Unknown command.
The meat beast completely misses you. The meat beast tramples you!
You hold your ground!
You hear a shout! x2
The meat beast bites you. The meat beast tramples you.
You hold your ground!
You hear a shout! x2
The eight-headed meat hydra calls on the powers of darkness!
The eight-headed meat hydra convulses!
Your body is wracked with pain!
* * * LOW HITPOINT WARNING * * *
The meat berserker convulses!
The bag of meat convulses! x2
You hear a shout! x4
The meat berserker hits you with a +9 battleaxe!!!
* * * LOW HITPOINT WARNING * * *
The small abomination hits you!
You die...

.#........_.......
.......#.....# ...
.......#_.<._#....
.......#))...#....
.#.....)))_.......
....§§))O###......
.Vo§###))D)...###.
... #))))...#
#@2)....#
.....xxO2.........
#.....o.o.........
......§..........#
#..............##.
.....#........#..
..........§...#..
....##.#.......


You could see 2 meat beasts, an eight-headed meat hydra, 2 meat berserkers, a
small abomination, 2 bags of meat and a crawling corpse.

Vanquished Creatures
  2 hell beasts (D)
  A wraith (D)
  17 vampire knights (D)
  22 ogres (D)
  A two-headed ogre (D)
  5 liches (D)
  A hydra (D)
  31 orcs (D)
  4 skeletal warriors (D)
  6 large abominations (D)
  5 small abominations (D)
  3 crawling corpses (D)
98 creatures vanquished.

Notes
Turn   | Place    | Note
-------+----------+-------------------------------------------
     0 | D        | Found the +∞ Axe of Woe
     0 | D        | Fang the Minotaur Gladiator began the quest for the Orb.
     0 | D        | Reached XP level 1. HP: 18/18 MP: 0/0
     3 | D        | Noticed a meat berserker
     3 | D        | Noticed a bag of meat
     4 | D        | Became a worshipper of Makhleb the Destroyer
     6 | D        | Noticed a bag of meat
     6 | D        | Killed a meat berserker
     6 | D        | Reached XP level 2. HP: 20/45 MP: 1/1
     6 | D        | Reached XP level 3. HP: 23/51 MP: 2/2
     6 | D        | Reached XP level 4. HP: 27/59 MP: 3/3
     6 | D        | Reached XP level 5. HP: 30/66 MP: 4/4
     6 | D        | Reached XP level 6. HP: 33/73 MP: 5/5
     6 | D        | Reached XP level 7. HP: 36/80 MP: 6/6
     6 | D        | Reached XP level 8. HP: 40/88 MP: 7/7
     6 | D        | Reached XP level 9. HP: 43/94 MP: 8/8
     6 | D        | Reached XP level 10. HP: 46/102 MP: 9/9
     6 | D        | Reached XP level 11. HP: 49/108 MP: 10/10
     6 | D        | Reached XP level 12. HP: 53/116 MP: 11/11
     6 | D        | Reached XP level 13. HP: 56/123 MP: 12/12
     7 | D        | Noticed a bag of meat
     7 | D        | Noticed a meat berserker
     8 | D        | Killed a bag of meat
     8 | D        | Reached * piety under Makhleb
     8 | D        | Reached skill level 15 in Fighting
     9 | D        | Noticed a meat berserker
     9 | D        | Noticed a meat berserker
     9 | D        | Noticed a bag of meat
    10 | D        | Noticed a bag of meat
    10 | D        | Noticed a bag of meat
    10 | D        | Noticed a bag of meat
    10 | D        | Noticed a meat berserker
    10 | D        | Killed a bag of meat
    10 | D        | Reached XP level 14. HP: 64/137 MP: 13/13
    11 | D        | Noticed a bag of meat
    11 | D        | Noticed a meat berserker
    12 | D        | Killed a meat berserker
    12 | D        | Reached skill level 27 in Axes
    12 | D        | Reached skill level 27 in Dodging
    12 | D        | Reached XP level 15. HP: 73/155 MP: 14/14
    12 | D        | Killed a meat berserker
    12 | D        | Reached ** piety under Makhleb
    15 | D        | Killed a meat berserker
    15 | D        | Reached skill level 27 in Fighting
    15 | D        | Reached XP level 16. HP: 177/183 MP: 15/15
    16 | D        | Killed a meat berserker
    16 | D        | Reached *** piety under Makhleb
    16 | D        | Reached skill level 27 in Throwing
    16 | D        | Reached XP level 17. HP: 191/191 MP: 16/16
    16 | D        | Killed a meat berserker
    16 | D        | Reached skill level 27 in Armour
    17 | D        | Reached skill level 10 in Invocations
    17 | D        | Reached XP level 18. HP: 200/200 MP: 16/27
    18 | D        | Noticed a large bag of meat
    18 | D        | Reached **** piety under Makhleb
    19 | D        | Noticed a meat berserker
    20 | D        | Noticed a destroyer
    20 | D        | Reached skill level 15 in Unarmed Combat
    20 | D        | Reached skill level 10 in Spellcasting
    20 | D        | Reached skill level 15 in Invocations
    21 | D        | Reached skill level 15 in Stealth
    21 | D        | Reached XP level 19. HP: 207/207 MP: 16/34
    22 | D        | Noticed a meat berserker
    22 | D        | Noticed a meat berserker
    22 | D        | Killed a destroyer
    22 | D        | Reached ***** piety under Makhleb
    22 | D        | Reached skill level 15 in Spellcasting
    22 | D        | Noticed a destroyer
    23 | D        | Killed a meat berserker
    23 | D        | Reached XP level 20. HP: 216/216 MP: 17/39
    24 | D        | Noticed a meat berserker
    25 | D        | Killed a large bag of meat
    26 | D        | Noticed a meat berserker
    26 | D        | Killed a meat berserker
    26 | D        | Reached skill level 27 in Unarmed Combat
    26 | D        | Reached XP level 21. HP: 224/224 MP: 17/44
    27 | D        | Noticed a destroyer
    28 | D        | Reached skill level 27 in Stealth
    28 | D        | Reached skill level 27 in Invocations
    29 | D        | Killed a destroyer
    29 | D        | Reached ****** piety under Makhleb
    29 | D        | Reached skill level 27 in Spellcasting
    29 | D        | Reached XP level 22. HP: 233/233 MP: 18/52
    33 | D        | Killed a destroyer
    33 | D        | Reached XP level 23. HP: 135/240 MP: 19/53
    34 | D        | Noticed a destroyer
    35 | D        | Noticed a destroyer
    40 | D        | Noticed a destroyer
    41 | D        | Noticed a destroyer
    41 | D        | Noticed a destroyer
    43 | D        | Noticed a destroyer
    43 | D        | Reached XP level 24. HP: 236/249 MP: 22/53
    43 | D        | Killed a destroyer
    44 | D        | Killed a destroyer
    44 | D        | Killed a destroyer
    44 | D        | Reached XP level 25. HP: 257/257 MP: 22/53
    46 | D        | Noticed a tyrant
    46 | D        | Killed a destroyer
    48 | D        | Noticed a destroyer
    48 | D        | Killed a destroyer
    49 | D        | Noticed a destroyer
    49 | D        | Killed a destroyer
    49 | D        | Reached XP level 26. HP: 242/266 MP: 23/53
    49 | D        | Killed a destroyer
    50 | D        | Noticed a tyrant
    50 | D        | Noticed a destroyer
    52 | D        | Reached XP level 27. HP: 273/273 MP: 24/53
    54 | D        | Noticed a destroyer
    54 | D        | Killed a tyrant
    57 | D        | Killed a destroyer
    58 | D        | Noticed a tyrant
    58 | D        | Noticed a tyrant
    60 | D        | Noticed a destroyer
    60 | D        | Noticed a destroyer
    61 | D        | Noticed a dread
    61 | D        | Killed a destroyer
    62 | D        | Noticed a destroyer
    65 | D        | Noticed a meat beast
    65 | D        | Killed a tyrant
    66 | D        | Killed a destroyer
    67 | D        | Noticed a meat beast
    68 | D        | Noticed a tyrant
    68 | D        | Killed a destroyer
    69 | D        | Killed a dread
    69 | D        | Killed a meat beast
    69 | D        | Killed a destroyer
    73 | D        | Noticed a meat beast
    73 | D        | Killed a tyrant
    78 | D        | Noticed a destroyer
    78 | D        | Killed a tyrant
    78 | D        | Killed a meat beast
    79 | D        | Killed a destroyer
    79 | D        | Killed a destroyer
    80 | D        | Noticed a meat beast
    81 | D        | Killed a tyrant
    83 | D        | HP: 1/273 [meat berserker/+9 battleaxe (67)]
    83 | D        | Demolished by a small abomination

Skill      XL: |  1  2  3  4  5  6  7  8  9 10 11 12 13 14 15 16 17 18 19 20 21 |
---------------+----------------------------------------------------------------+-----
Fighting       | 13 16 20 27 | 27.0
Axes           | 23 26 27 | 27.0
Throwing       | 11 13 16 24 27 | 27.0
Dodging        | 21 24 27 | 27.0
Armour         | 8 22 27 | 27.0
Stealth        | 9 15 20 25 27 | 27.0
Unarmed Combat | 11 18 24 27 | 27.0
Spellcasting   | 7 12 16 20 27 | 27.0
Invocations    | 10 16 22 26 27 | 27.0

Action                   |  1- 3 |  4- 6 |  7- 9 | 10-12 | 13-15 | 16-18 | 19-21 | 22-24 | 25-27 || total
-------------------------+-------+-------+-------+-------+-------+-------+-------+-------+-------++-------
Melee: Executioner's axe |     1 |       |       |       |     4 |     5 |     6 |    10 |    25 ||    51
Armor: Leather armour    |       |       |       |       |       |     1 |       |       |     3 ||     4
Dodge: Dodged            |       |       |       |       |     3 |       |       |     3 |    20 ||    26
